 Dungeon Crawl Stone Soup version 0.22-a0-614-g34fbaa0 (webtiles) character file.

13802 pox the Unseen (level 12, -7/116 HPs)
             Began as a Naga Venom Mage on July 20, 2018.
             Was an Elder of Dithmenos.
             Killed from afar by a hellion (24 damage)
             ... with damnation
             ... on level 1 of the Abyss on July 21, 2018.
             The game lasted 02:09:15 (12390 turns).

pox the Unseen (Naga Venom Mage)                   Turns: 12390, Time: 02:09:15

Health: -7/116     AC: 16    Str: 11    XL:     12   Next: 9%
Magic:  6/16       EV: 13    Int: 16    God:    Dithmenos [****..]
Gold:   578        SH:  7    Dex: 19    Spells: 2/17 levels left

rFire    + . .     SeeInvis +   M - +5 dagger (distort)
rCold    + . .     Gourm    .   h - +1 buckler
rNeg     . . .     Faith    .   N - +2 robe {rC+ rF+}
rPois    +         Spirit   .   b - +2 hat
rElec    .         Reflect  .   Y - +0 cloak {MR+}
rCorr    .         Harm     .   E - +2 pair of gloves
MR       ++...                  (no barding)
Stlth    ++++++++..             o - amulet of magic regeneration
HPRegen  0.29/turn              r - +3 ring of protection
MPRegen  0.40/turn              n - +3 ring of dexterity

@: silence, wreathed by umbra, very slow
A: large, see invisible, deformed body, poison resistance, slowness 2, slow
metabolism 1, spit poison 1, AC +4
a: Spit Poison, Renounce Religion


You were on level 1 of the Abyss.
You worshipped Dithmenos.
Dithmenos was greatly pleased with you.
You were not hungry.

You visited 3 branches of the dungeon, and saw 13 of its levels.
You visited the Abyss 1 time.

You collected 716 gold pieces.
You spent 138 gold pieces at shops.

Inventory:

Hand Weapons
 j - a +4 dagger of venom
 q - a +2 long sword of protection
 u - a +0 rapier
 M - a +5 dagger of distortion (weapon)
 R - a +0 dagger of speed
 U - a +2 scimitar of flaming
Missiles
 a - 5 needles of sleeping
 Q - a throwing net (quivered)
Armour
 b - a +2 hat (worn)
 d - a cursed +0 ring mail
 h - a +1 buckler (worn)
 E - a +2 pair of gloves (worn)
 H - a +2 pair of gloves
 K - a +2 animal skin
 N - a +2 robe of resistance (worn)
 P - the +2 ring mail "Kilej" {rElec Int-3 Dex+3, unknown}
   (You found it on level 8 of the Dungeon)

   It affects your intelligence (-3).
   It affects your dexterity (+3).
   It insulates you from electricity.
 Y - a +0 cloak of magic resistance (worn)
Magical Staves
 k - an uncursed staff of wizardry {unknown}
Jewellery
 f - an uncursed ring of protection from fire
 n - a +3 ring of dexterity (right hand)
 o - an amulet of magic regeneration (around neck)
 p - an uncursed ring of positive energy
 r - a +3 ring of protection (left hand)
 x - an uncursed amulet of the acrobat
 V - an uncursed ring of resist corrosion
Wands
 m - a wand of iceblast (9)
 A - a wand of paralysis (15)
 C - a wand of disintegration (14)
 F - a wand of polymorph (13)
 S - a wand of flame (26)
 Z - a wand of clouds (8)
Scrolls
 t - a scroll of blinking
 w - 2 scrolls of fear
 y - a scroll of fog {unknown}
 z - a scroll of magic mapping
 B - 5 scrolls of teleportation
 D - 3 scrolls of amnesia
 L - 3 scrolls of remove curse
Potions
 g - a potion of haste {unknown}
 s - 5 potions of flight
 I - a potion of brilliance {unknown}
 O - a potion of magic
 T - a potion of might
 W - a potion of invisibility {unknown}
Comestibles
 c - 18 rations


   Skills:
 + Level 10.1 Fighting
 + Level 6.1 Short Blades
 + Level 4.7 Dodging
 + Level 15.5 Stealth
 + Level 4.9 Shields
 - Level 3.0 Spellcasting
 - Level 2.0 Conjurations
 - Level 1.3 Air Magic
 - Level 9.2 Poison Magic
 - Level 0.4 Evocations


You had 2 spell levels left.
You knew the following spells:

 Your Spells              Type           Power        Failure   Level  Hunger
a - Sting                 Conj/Pois      ###.         1%          1    #......
b - Poisonous Vapours     Pois/Air       ###...       3%          2    ##.....
c - Olgreb's Toxic Radia  Pois           ####....     4%          4    #####..
d - Mephitic Cloud        Conj/Pois/Air  ###.....     10%         3    ###....
e - Venom Bolt            Conj/Pois      ###.......   45%         5    ######.

Your spell library contained the following spells:

 Spells                   Type           Power        Failure   Level  Hunger
 Cause Fear               Hex            #.........   88%         4    #####..
 Apportation              Tloc           #.....       19%         1    #......
 Summon Small Mammal      Summ           #...         19%         1    #......
 Animate Skeleton         Necr           N/A          19%         1    #......
 Deflect Missiles         Chrm/Air       #.........   100%        6    #######
 Confusing Touch          Hex            #.....       19%         1    #......
 Silence                  Hex/Air        #.........   98%         5    ######.
 Discord                  Hex            #.........   100%        8    #######
 Yara's Violent Unravell  Hex/Tmut       #.........   99%         5    ######.


Dungeon Overview and Level Annotations

Branches:
Dungeon (11/15)            Temple (1/1) D:4            Lair (1/6) D:11
    Orc (0/2) D:9

Altars:
Ashenzari
Cheibriados
Dithmenos
Elyvilon
Fedhas
Gozag
Hepliaklqana
Kikubaaqudgha
Makhleb
Nemelex Xobeh
Okawaru
Qazlal
Ru
Sif Muna
Trog
Uskayaw
Vehumet
Wu Jian
Xom
Yredelemnul
Zin
The Shining One
Beogh

Shops:
D:6 (   D:11 [

Portals:
Trove: D:11 (give horn of Geryon)

Annotations:
D:3 3 runed doors, Glennnyy's ghost, amateur GrFi
Lair:1 Sonja


Innate Abilities, Weirdness & Mutations

You cannot wear boots.
Your serpentine skin is tough. (AC +4)
You have supernaturally acute eyesight. (SInv)
Armour fits poorly on your strangely shaped body.
Your system is resistant to poisons. (rPois)
You cover ground very slowly.
You have a slow metabolism.
You can spit poison.


Message History

The ufetubus hits your purple draconian scorcher but does no damage.
A tentacle flies out from the starspawn's body!
The hell hog breathes fire at you.
The fireball explodes!
The fireball engulfs your quasit.
Your quasit resists.
The fireball engulfs you! You resist.
* * * LOW HITPOINT WARNING * * *
The fireball engulfs the hell hog.
The hell hog resists.
The fireball engulfs your hellwing.
Your hellwing appears unharmed.
The fireball engulfs your wretched star.
Your wretched star resists.
Your hellwing hits the hell hog!
The hell hog dies!
Dithmenos accepts your kill.
Your Short Blades skill increases to level 6!
Your purple draconian scorcher closely misses the hellion.
The hellion gestures at you.
The sphere of damnation explodes!
The damnation engulfs you!
You die...

.. .. ...........h...
... ........ ## .. .
##.. #..##.....# . .
..##..##..##... .#. .#
.......5..Xw..#h ....h.
.. ....... h... . . . #
#..# ..# . .. ..$..
..##.3##4*##..##..##..
.
.....52@5.............#
......q........ . ..###
..##..##..##..# . ###
##. ####. .# . .. # #
###.# ##


You could see a tentacled starspawn, a hellion, a ynoxinul, a starspawn
tentacle, 2 ufetubi, a friendly purple draconian scorcher, a friendly wretched
star, a friendly hellwing and a friendly quasit.

Vanquished Creatures
  2 two-headed ogres
  A hell hog (Abyss:1)
  Urug (D:10)
  An unseen horror (D:11)
  A manticore (D:11)
  A smoke demon (Abyss:1)
  Psyche (D:8)
  An efreet (D:11)
  A hornet (D:10)
  5 hippogriffs
  A spriggan (D:7)
  A wraith (D:10)
  A chaos spawn (Abyss:1)
  4 yaks (D:7)
  Grum (D:8)
  A soldier ant (D:10)
  A porcupine (Lair:1)
  4 sky beasts
  3 orc warriors
  A black bear (D:10)
  6 necrophages
  5 ice beasts
  9 ogres
  3 wolves (D:8)
  4 centaurs
  3 bullfrogs
  A wyvern skeleton (D:8)
  3 scorpions
  7 killer bees
  4 wights (D:10)
  2 howler monkeys (D:11)
  4 crimson imps
  A bullfrog zombie (D:11)
  3 centaur zombies
  12 orc wizards
  A quasit (D:11)
  A jelly (D:9)
  3 hounds
  5 orc priests
  3 bullfrog skeletons
  A centaur skeleton (D:9)
  4 iguanas
  6 worker ants
  4 hound zombies
  A hound skeleton (D:6)
  2 howler monkey zombies
  2 worker ant zombies
  Robin (D:3)
  20 adders
  4 gnolls (D:7)
  5 shadow imps
  A white imp (Abyss:1)
  An ooze (D:2)
  An adder zombie (D:6)
  An adder skeleton (D:4)
  A dart slug (D:4)
  6 leopard geckos
  35 orcs
  2 ball pythons
  6 giant cockroaches
  15 goblins
  11 hobgoblins
  10 jackals
  10 quokkas
  10 bats
  5 frilled lizards
  11 kobolds
  4 leopard gecko skeletons
  2 quokka skeletons
  9 rats
304 creatures vanquished.

Vanquished Creatures (collateral kills)
  A hell hog (Abyss:1)
1 creature vanquished.

Vanquished Creatures (others)
  A hell hog (Abyss:1)
  A smoke demon (Abyss:1)
  A hippogriff (D:10)
  A warg (D:9)
  A phantom (D:11)
  A killer bee (D:8)
  A wight (D:10)
  A howler monkey (D:11)
  A quasit (D:8)
  A bullfrog zombie (D:8)
  2 orcs (D:9)
  3 bushes (D:6)
  7 plants (D:6)
22 creatures vanquished.

Grand Total: 327 creatures vanquished

Notes
Turn   | Place    | Note
-------+----------+-------------------------------------------
     0 | D:1      | pox the Naga Venom Mage began the quest for the Orb.
     0 | D:1      | Reached XP level 1. HP: 15/15 MP: 3/3
   139 | D:1      | Reached skill level 1 in Fighting
   139 | D:1      | Reached XP level 2. HP: 17/25 MP: 1/5
   330 | D:1      | Learned a level 2 spell: Poisonous Vapours
   615 | D:1      | Reached XP level 3. HP: 31/31 MP: 4/6
   947 | D:2      | Reached skill level 5 in Poison Magic
  1016 | D:2      | Reached XP level 4. HP: 39/39 MP: 3/7
  1135 | D:2      | Found an opulent altar of Gozag.
  1176 | D:2      | Reached skill level 1 in Short Blades
  1369 | D:2      | Reached skill level 4 in Stealth
  1506 | D:2      | Reached XP level 5. HP: 46/46 MP: 5/8
  2189 | D:3      | Noticed Robin
  2251 | D:3      | Reached skill level 5 in Stealth
  2473 | D:3      | Killed Robin
  2473 | D:3      | Reached XP level 6. HP: 54/56 MP: 4/9
  2599 | D:3      | Found a runed gate.
  2600 | D:3      | Found a runed gate.
  2601 | D:3      | Found a runed gate.
  2603 | D:3      | Noticed Glennnyy's ghost (amateur GrFi)
  2604 | D:3      | Found a roughly hewn altar of Beogh.
  2827 | D:3      | Found a sparkling altar of Nemelex Xobeh.
  2834 | D:3      | Found a snail-covered altar of Cheibriados.
  2838 | D:3      | Found a stormy altar of Qazlal.
  3318 | D:4      | Reached skill level 6 in Stealth
  3373 | D:4      | Found an ornate altar of the Wu Jian Council.
  3504 | D:4      | Found a basalt altar of Yredelemnul.
  3553 | D:4      | Found a staircase to the Ecumenical Temple.
  3559 | Temple   | Entered the Ecumenical Temple
  3573 | Temple   | Became a worshipper of Dithmenos the Shadowed
  3898 | D:5      | Entered Level 5 of the Dungeon
  4011 | D:5      | Reached skill level 7 in Stealth
  4011 | D:5      | Reached XP level 7. HP: 51/63 MP: 2/11
  4115 | D:5      | Reached skill level 8 in Stealth
  4513 | D:5      | Reached skill level 9 in Stealth
  4767 | D:5      | Reached skill level 10 in Stealth
  4767 | D:5      | Reached XP level 8. HP: 72/72 MP: 7/12
  5102 | D:5      | Learned a level 4 spell: Olgreb's Toxic Radiance
  5272 | D:6      | Reached * piety under Dithmenos
  5321 | D:6      | Reached skill level 1 in Air Magic
  5814 | D:6      | Reached skill level 5 in Fighting
  5814 | D:6      | Reached skill level 11 in Stealth
  6566 | D:6      | Reached XP level 9. HP: 81/82 MP: 13/13
  6624 | D:6      | Found a blossoming altar of Fedhas.
  6755 | D:6      | Reached skill level 12 in Stealth
  6769 | D:6      | Reached ** piety under Dithmenos
  7055 | D:6      | Found Cerap's Weapon Shoppe.
  7553 | D:7      | Reached skill level 13 in Stealth
  7871 | D:7      | Reached XP level 10. HP: 83/93 MP: 6/14
  8397 | D:8      | Noticed Grum
  8416 | D:8      | Killed Grum
  8792 | D:8      | Noticed Psyche
  8794 | D:8      | Killed Psyche
  8794 | D:8      | Reached skill level 14 in Stealth
  9080 | D:8      | Got a faintly glowing ring mail
  9245 | D:8      | Reached *** piety under Dithmenos
  9442 | D:9      | Found a staircase to the Orcish Mines.
  9455 | D:9      | Learned a level 3 spell: Mephitic Cloud
  9936 | D:9      | Learned a level 5 spell: Venom Bolt
 10214 | D:10     | Entered Level 10 of the Dungeon
 10501 | D:10     | Reached XP level 11. HP: 101/101 MP: 15/15
 10685 | D:10     | Noticed Urug
 10700 | D:10     | Killed Urug
 10710 | D:10     | Noticed a two-headed ogre
 10726 | D:10     | Reached **** piety under Dithmenos
 10727 | D:10     | Killed a two-headed ogre
 10727 | D:10     | Reached skill level 5 in Short Blades
 10727 | D:10     | Reached skill level 15 in Stealth
 10967 | D:10     | Noticed an ice dragon
 10986 | D:10     | Noticed a flayed ghost
 10994 | D:10     | Noticed a swamp dragon
 11322 | D:11     | Found Nil Qero's Armour Shoppe.
 11330 | D:11     | Noticed a manticore
 11358 | D:11     | Found a portal to a secret trove of treasure.
 11420 | D:11     | Noticed an unseen horror
 11429 | D:11     | Killed an unseen horror
 11429 | D:11     | Reached skill level 1 in Shields
 11545 | D:11     | Noticed a two-headed ogre
 11832 | D:11     | Found a staircase to the Lair.
 11927 | D:11     | Killed a two-headed ogre
 12006 | D:11     | Bought a +0 cloak of magic resistance for 138 gold pieces
 12041 | D:11     | Killed a manticore
 12199 | Lair:1   | Entered Level 1 of the Lair of Beasts
 12256 | Lair:1   | Noticed Sonja
 12268 | Lair:1   | Cast into level 1 of the Abyss (Sonja)
 12359 | Abyss:1  | Noticed a hell hog
 12359 | Abyss:1  | Noticed a hell hog
 12361 | Abyss:1  | Noticed a hell hog
 12362 | Abyss:1  | Noticed a hell hog
 12378 | Abyss:1  | Killed a hell hog
 12378 | Abyss:1  | Reached skill level 10 in Fighting
 12378 | Abyss:1  | Reached XP level 12. HP: 24/116 MP: 6/16
 12380 | Abyss:1  | Killed a hell hog
 12385 | Abyss:1  | Noticed a tentacled starspawn
 12390 | Abyss:1  | Killed a hell hog
 12390 | Abyss:1  | Killed from afar by a hellion

Vault maps used:
D:1:      ebering_trefoil_twist
D:2:      first_ration, grunt_gozag_breadcrumbs
D:3:      minitemple, biasface_ghost_orc_armoury, uniq_robin
D:4:      kennysheep_mini_moat, lemuel_doored_altar, minmay_temple_entry_hall
D:6:      fedhas_altar_decomposition, serial_shops, shop
D:7:      the_bakery, hangedman_abyss_or_decor_stagger
D:8:      uniq_psyche, uniq_grum
D:9:      erik_orc_4
D:10:     hangedman_decor_riveting, minmay_the_grid_2x2, uniq_urug
D:11:     lair_entry_dummy, enter_trove_3, serial_shops, shop
Temple:   lightli_temple_of_artemis
Lair:1:   serial_bayou_pond_c, uniq_sonja

Skill      XL: |  1  2  3  4  5  6  7  8  9 10 11 12 |
---------------+-------------------------------------+-----
Fighting       | 1 2 3 4 6 8 9 10 | 10.1
Poison Magic   | 5 6 8 9 |  9.2
Short Blades   | 1 4 5 6 |  6.1
Stealth        | 4 5 7 10 11 13 14 15 | 15.5
Conjurations   | 2 |  2.0
Spellcasting   | 3 |  3.0
Air Magic      | 1 |  1.3
Dodging        | 3 4 |  4.7
Shields        | 4 |  4.9
Evocations     | |  0.4

Action                   |  1- 3 |  4- 6 |  7- 9 | 10-12 || total
-------------------------+-------+-------+-------+-------++-------
Melee: Dagger            |    18 |    84 |   399 |   314 ||   815
 Cast: Sting             |    31 |    79 |    34 |    71 ||   215
       Poisonous Vapours |     6 |    47 |    33 |    42 ||   128
       Olgreb's Toxic Ra |       |       |    10 |    30 ||    40
       Mephitic Cloud    |       |       |       |    12 ||    12
 Abil: Spit Poison       |    10 |    28 |    14 |     9 ||    61
Evoke: Wand              |       |       |       |     2 ||     2
  Use: Scroll            |     1 |     4 |     3 |    14 ||    22
       Potion            |       |       |     4 |     7 ||    11
 Stab: Sleeping          |       |     3 |     9 |    22 ||    34
       Distracted        |       |       |       |     1 ||     1
       Confused          |       |       |       |     1 ||     1
  Eat: Chunk             |     1 |    13 |     9 |    15 ||    38
       Ration            |       |       |     2 |     3 ||     5
Armor: Robe              |     8 |    34 |   144 |    97 ||   283
       Animal skin       |       |       |       |     4 ||     4
Dodge: Dodged            |    15 |    52 |   166 |   157 ||   390
Block: Buckler           |       |       |       |     8 ||     8

Table legend:
 A = Spawn XP
 B = Non-spawn XP
 C = Spawn XP percentage of total XP
 D = Spawn monster count
 E = Non-spawn monster count
 F = Spawn count percentage of total count
 G = Total turns spent on level
                    A         B        C        D         E        F      G
               +---------+---------+-------+---------+---------+-------+---------
         Total |    2613 |   17105 |  13.3 |       7 |     310 |   2.2 | 12390
               +---------+---------+-------+---------+---------+-------+---------
           D:1 |       0 |      45 |   0.0 |       0 |      28 |   0.0 |   941
           D:2 |       0 |     123 |   0.0 |       0 |      24 |   0.0 |   728
           D:3 |       0 |     185 |   0.0 |       0 |      43 |   0.0 |  1289
           D:4 |       0 |     198 |   0.0 |       0 |      19 |   0.0 |   938
           D:5 |       0 |     818 |   0.0 |       0 |      24 |   0.0 |  1329
           D:6 |       0 |    1809 |   0.0 |       0 |      33 |   0.0 |  1864
           D:7 |       0 |    1781 |   0.0 |       0 |      20 |   0.0 |  1247
           D:8 |       0 |    1989 |   0.0 |       0 |      32 |   0.0 |   972
           D:9 |       0 |    1605 |   0.0 |       0 |      33 |   0.0 |   861
          D:10 |       0 |    4412 |   0.0 |       0 |      26 |   0.0 |  1087
          D:11 |       0 |    4003 |   0.0 |       0 |      27 |   0.0 |   898
        Lair:1 |       0 |     137 |   0.0 |       0 |       1 |   0.0 |    69
       Abyss:1 |    2613 |       0 | 100.0 |       7 |       0 | 100.0 |   122
               +---------+---------+-------+---------+---------+-------+---------
